| TOP OF THE 1ST |
|
West Virginia Power batting - Pitching for Hartford Yard Goats : RHP Joe Gonzales
|
|
Pitching: RHP Joe Gonzales
|
|
|
Batting: RHB Perry Dominey
|
0-0: Foul Ball, location: 2F 0-1: Ground out 6-3 (Groundball, 6, EV 83.8 MPH)
|
|
Batting: LHB Randy Boone
|
0-0: Ball 1-0: Ball 2-0: Swinging Strike 2-1: Called Strike 2-2: Foul Ball, location: 2F 2-2: Strikes out looking
|
|
Batting: RHB Mike Velazquez
|
0-0: Ball 1-0: Ball 2-0: Foul Ball, location: 2F 2-1: SINGLE (Groundball, 6D, EV 96.9 MPH)
|
|
Batting: LHB Gregg Kellerman
|
0-0: Swinging Strike 0-1: Ball 1-1: Ball 2-1: Ball 3-1: Foul Ball, location: 2F 3-2: Base on Balls Mike Velazquez to second
|
|
Batting: LHB Carlos Vega
|
0-0: Called Strike 0-1: Ball 1-1: Ball 2-1: Ball 3-1: Fly out, F6 (Popup, 6M, EV 50.6 MPH)
|
| Top of the 1st over - 0 runs, 1 hit, 0 errors, 2 left on base; West Virginia 0 - Hartford 0 |
| BOTTOM OF THE 1ST |
|
Hartford Yard Goats batting - Pitching for West Virginia Power : LHP Mario Flores
|
|
Pitching: LHP Mario Flores
|
|
|
Batting: RHB Zakhar Edelman
|
0-0: Ball 1-0: Foul Ball, location: 2F 1-1: Hit by Pitch
|
|
Batting: RHB Mike McElroy
|
0-0: Ball 1-0: Called Strike 1-1: Ball 2-1: Fielders Choice at 2nd, 4-6 (Groundball, 4, EV 103.8 MPH)
|
|
Batting: RHB John Boyer
|
0-0: Called Strike Mike McElroy steals 2nd base 0-1: Ball 1-1: Called Strike 1-2: Ball 2-2: Ball 3-2: Foul Ball, location: 2F 3-2: Strikes out swinging
|
|
Batting: RHB Chris Osting
|
0-0: Ground out 6-3 (Groundball, 6, EV 85.6 MPH)
|
| Bottom of the 1st over - 0 runs, 0 hits, 0 errors, 1 left on base; West Virginia 0 - Hartford 0 |
| TOP OF THE 2ND |
|
West Virginia Power batting - Pitching for Hartford Yard Goats : RHP Joe Gonzales
|
|
Batting: RHB Jaime Dubicki
|
0-0: Ball 1-0: Ball 2-0: Foul Ball, location: 2F 2-1: Ball 3-1: Foul Ball, location: 2F 3-2: Fly out, F9 (Flyball, 89S, EV 76.2 MPH)
|
|
Batting: LHB Josh Aerni
|
0-0: Ball 1-0: Called Strike 1-1: Called Strike 1-2: Ball 2-2: Ground out 5-3 (Groundball, 56S, EV 81.9 MPH)
|
|
Batting: LHB Donald Imre
|
0-0: Ball 1-0: Foul Ball, location: 2F 1-1: Ball 2-1: Ball 3-1: Base on Balls
|
|
Batting: RHB Brian Moore
|
0-0: Called Strike 0-1: Ball 1-1: Ball 2-1: Swinging Strike 2-2: Strikes out swinging
|
| Top of the 2nd over - 0 runs, 0 hits, 0 errors, 1 left on base; West Virginia 0 - Hartford 0 |
| BOTTOM OF THE 2ND |
|
Hartford Yard Goats batting - Pitching for West Virginia Power : LHP Mario Flores
|
|
Batting: SHB Jeff Sorrels
|
0-0: Called Strike 0-1: Ball 1-1: Ball 2-1: Called Strike 2-2: Ball 3-2: Base on Balls
|
|
Batting: LHB Ho-win Zhou
|
0-0: Ball 1-0: Swinging Strike 1-1: Swinging Strike 1-2: Foul Ball, location: 2F 1-2: Ball 2-2: Strikes out looking
|
|
Batting: RHB Chris Rosinsky
|
0-0: Called Strike 0-1: Ball 1-1: Ball 2-1: Ball 3-1: Fly out, F7 (Flyball, 7, EV 93.1 MPH)
|
|
Batting: LHB Harry Folsom
|
0-0: Ball 1-0: Called Strike 1-1: Ball 2-1: Fly out, F8 (Flyball, 8LM, EV 94.4 MPH)
|
| Bottom of the 2nd over - 0 runs, 0 hits, 0 errors, 1 left on base; West Virginia 0 - Hartford 0 |
| TOP OF THE 3RD |
|
West Virginia Power batting - Pitching for Hartford Yard Goats : RHP Joe Gonzales
|
|
Batting: RHB Perry Dominey
|
0-0: Ball 1-0: Ball 2-0: Ball 3-0: Base on Balls
|
|
Batting: LHB Randy Boone
|
0-0: Ball 1-0: Ball 2-0: Ball 3-0: Base on Balls Perry Dominey to second
|
|
Batting: RHB Mike Velazquez
|
0-0: Called Strike 0-1: Swinging Strike 0-2: Strikes out swinging
|
|
Batting: LHB Gregg Kellerman
|
0-0: Ball 1-0: Ball 2-0: Called Strike 2-1: Swinging Strike 2-2: Ball 3-2: Foul Ball, location: 2F 3-2: Strikes out swinging
|
|
Batting: LHB Carlos Vega
|
0-0: Foul Ball, location: 2F 0-1: Called Strike 0-2: Foul Ball, location: 2F 0-2: SINGLE (Groundball, 34D, EV 102.5 MPH) Perry Dominey to third Randy Boone to second Runner from 3rd tries for Home, SAFE, throw by RF to home
|
|
Batting: RHB Jaime Dubicki
|
0-0: Fielders Choice at 2nd, 5-4 (Groundball, 56, EV 91.2 MPH)
|
| Top of the 3rd over - 1 run, 1 hit, 0 errors, 2 left on base; West Virginia 1 - Hartford 0 |
| BOTTOM OF THE 3RD |
|
Hartford Yard Goats batting - Pitching for West Virginia Power : LHP Mario Flores
|
|
Batting: LHB Mike Clark
|
0-0: Fly out, F7 (Flyball, 7LM, EV 93.8 MPH)
|
|
Batting: RHB Zakhar Edelman
|
0-0: Called Strike 0-1: Foul Ball, location: 2F 0-2: Ball 1-2: Ball 2-2: Ball 3-2: SINGLE (Groundball, 6S, EV 63.1 MPH) (infield hit)
|
|
Batting: RHB Mike McElroy
|
0-0: Called Strike Zakhar Edelman steals 2nd, throwing error, E2 Zakhar Edelman to third 0-1: SINGLE (Groundball, 23, EV 68.1 MPH) (infield hit)
|
|
Batting: RHB John Boyer
|
0-0: Foul Ball, location: 2F 0-1: Ball Mike McElroy steals 2nd base 1-1: Called Strike 1-2: Fly out, F9 (Line Drive, 9, EV 92.5 MPH)
|
|
Batting: RHB Chris Osting
|
0-0: Ball 1-0: Ground out 1-3 (Groundball, 13S, EV 61.2 MPH)
|
| Bottom of the 3rd over - 0 runs, 2 hits, 1 error, 2 left on base; West Virginia 1 - Hartford 0 |
| TOP OF THE 4TH |
|
West Virginia Power batting - Pitching for Hartford Yard Goats : RHP Joe Gonzales
|
|
Batting: LHB Josh Aerni
|
0-0: Called Strike 0-1: Foul Ball, location: 2F 0-2: Ball 1-2: Ball 2-2: Strikes out swinging
|
|
Batting: LHB Donald Imre
|
0-0: Ball 1-0: Ball 2-0: Ball 3-0: Called Strike 3-1: Foul Ball, location: 2F 3-2: Ground out 4-3 (Groundball, 4, EV 89.4 MPH)
|
|
Pitching: RHP Joe Schuler
|
|
|
Batting: RHB Brian Moore
|
0-0: Ball 1-0: Fly out, F9 (Flyball, 89M, EV 82.5 MPH)
|
| Top of the 4th over - 0 runs, 0 hits, 0 errors, 0 left on base; West Virginia 1 - Hartford 0 |
| BOTTOM OF THE 4TH |
|
Hartford Yard Goats batting - Pitching for West Virginia Power : LHP Mario Flores
|
|
Batting: SHB Jeff Sorrels
|
0-0: Ball 1-0: Called Strike 1-1: Ball 2-1: Fly out, F8 (Flyball, 8LD, EV 108.8 MPH)
|
|
Batting: LHB Ho-win Zhou
|
0-0: SOLO HOME RUN (Flyball, 78XD, EV 97.5 MPH), Distance : 401 ft
|
|
Batting: RHB Chris Rosinsky
|
0-0: Ball 1-0: Ball 2-0: Ball 3-0: Called Strike 3-1: Called Strike 3-2: Strikes out swinging
|
|
Batting: LHB Harry Folsom
|
0-0: Ground out U3 (Groundball, 34, EV 91.2 MPH)
|
| Bottom of the 4th over - 1 run, 1 hit, 0 errors, 0 left on base; West Virginia 1 - Hartford 1 |
| TOP OF THE 5TH |
|
West Virginia Power batting - Pitching for Hartford Yard Goats : RHP Joe Schuler
|
|
Batting: RHB Perry Dominey
|
0-0: Called Strike 0-1: Foul Ball, location: 2F 0-2: Ball 1-2: Strikes out swinging
|
|
Batting: LHB Randy Boone
|
0-0: Called Strike 0-1: Foul Ball, location: 2F 0-2: Foul Ball, location: 2F 0-2: Foul Ball, location: 2F 0-2: TRIPLE (Flyball, 9LD, EV 113.8 MPH)
|
|
Batting: RHB Mike Velazquez
|
0-0: Ball 1-0: Ball 2-0: Ground out 6-3 (Groundball, 6, EV 90.0 MPH) Randy Boone scores
|
|
Batting: LHB Gregg Kellerman
|
0-0: Called Strike 0-1: Ball 1-1: Ball 2-1: Foul Ball, location: 2F 2-2: Ball 3-2: Base on Balls
|
|
Batting: LHB Carlos Vega
|
0-0: Swinging Strike 0-1: Ball 1-1: Called Strike 1-2: Ball 2-2: Strikes out looking
|
| Top of the 5th over - 1 run, 1 hit, 0 errors, 1 left on base; West Virginia 2 - Hartford 1 |
| BOTTOM OF THE 5TH |
|
Hartford Yard Goats batting - Pitching for West Virginia Power : LHP Mario Flores
|
|
Batting: LHB Mike Clark
|
0-0: Called Strike 0-1: Ball 1-1: Foul Ball, location: 2F 1-2: Strikes out swinging
|
|
Batting: RHB Zakhar Edelman
|
0-0: Swinging Strike 0-1: Ball 1-1: Swinging Strike 1-2: Ball 2-2: Strikes out swinging
|
|
Batting: RHB Mike McElroy
|
0-0: Ball 1-0: Ball 2-0: Ball 3-0: Called Strike 3-1: Foul Ball, location: 2F 3-2: Base on Balls
|
|
Batting: RHB John Boyer
|
0-0: Ball Wild Pitch! Mike McElroy to second 1-0: Foul Ball, location: 2F 1-1: Foul Ball, location: 2F 1-2: Ball 2-2: Foul Ball, location: 2F 2-2: Strikes out swinging
|
| Bottom of the 5th over - 0 runs, 0 hits, 0 errors, 1 left on base; West Virginia 2 - Hartford 1 |
| TOP OF THE 6TH |
|
West Virginia Power batting - Pitching for Hartford Yard Goats : RHP Joe Schuler
|
|
Batting: RHB Jaime Dubicki
|
0-0: Ground out 6-3 (Groundball, 56, EV 104.4 MPH)
|
|
Batting: LHB Josh Aerni
|
0-0: Ball 1-0: Called Strike 1-1: Fly out, F8 (Flyball, 8LD, EV 94.4 MPH)
|
|
Batting: LHB Donald Imre
|
0-0: Ball 1-0: Ball 2-0: Ball 3-0: Base on Balls
|
|
Batting: RHB Brian Moore
|
0-0: Called Strike 0-1: Foul Ball, location: 2F 0-2: Ball 1-2: Ball 2-2: Ground out U3 (Groundball, 3, EV 84.4 MPH)
|
| Top of the 6th over - 0 runs, 0 hits, 0 errors, 1 left on base; West Virginia 2 - Hartford 1 |
| BOTTOM OF THE 6TH |
|
Hartford Yard Goats batting - Pitching for West Virginia Power : LHP Mario Flores
|
|
Batting: RHB Chris Osting
|
0-0: Called Strike 0-1: Ball 1-1: Ball 2-1: Ball 3-1: Called Strike 3-2: Foul Ball, location: 2F 3-2: Base on Balls
|
|
Pitching: RHP Mike Rosen
|
|
|
Batting: SHB Jeff Sorrels
|
0-0: Ball 1-0: Fielders Choice at 2nd, 3-6 (Groundball, 3, EV 87.5 MPH)
|
|
Batting: LHB Ho-win Zhou
|
0-0: Called Strike 0-1: Ball 1-1: Called Strike 1-2: Strikes out looking
|
|
Batting: RHB Chris Rosinsky
|
0-0: Ball 1-0: Ball 2-0: SINGLE (Groundball, 3D, EV 106.2 MPH) Jeff Sorrels to second Runner from 2nd tries for 3rd, SAFE, throw by RF made to third
|
|
Batting: LHB Harry Folsom
|
0-0: Ground out U3 (Groundball, 3, EV 105.0 MPH)
|
| Bottom of the 6th over - 0 runs, 1 hit, 0 errors, 2 left on base; West Virginia 2 - Hartford 1 |
| TOP OF THE 7TH |
|
West Virginia Power batting - Pitching for Hartford Yard Goats : RHP Joe Schuler
|
|
Pitching: RHP Davon Ware
|
|
|
Batting: RHB Perry Dominey
|
0-0: Called Strike 0-1: Swinging Strike 0-2: Foul Ball, location: 2F 0-2: Hit by Pitch
|
|
Pinch Runner at 1st Tomohiro Yokoyama:
|
|
|
Batting: LHB Randy Boone
|
0-0: Sac Bunt to 5S - play at first, batter OUT! 5-3 Tomohiro Yokoyama to second
|
|
Batting: RHB Mike Velazquez
|
0-0: Called Strike 0-1: Fly out, F8 (Flyball, 8LXD, EV 103.1 MPH) Runner from 2nd tags up, SAFE at 3rd, no throw by CF
|
|
Batting: LHB Gregg Kellerman
|
0-0: Called Strike 0-1: Ground out U3 (Groundball, 23, EV 86.2 MPH)
|
| Top of the 7th over - 0 runs, 0 hits, 0 errors, 1 left on base; West Virginia 2 - Hartford 1 |
| BOTTOM OF THE 7TH |
|
Hartford Yard Goats batting - Pitching for West Virginia Power : RHP Mike Rosen
|
|
Now in CF: Tomohiro Yokoyama
|
|
|
Batting: LHB Mike Clark
|
0-0: Ground out 6-3 (Groundball, 6, EV 81.9 MPH)
|
|
Batting: RHB Zakhar Edelman
|
0-0: Ball 1-0: Ball 2-0: Called Strike 2-1: SINGLE (Flyball, 7S, EV 93.1 MPH)
|
|
Batting: RHB Mike McElroy
|
0-0: Ball 1-0: Fly out, F3 (Line Drive, 3, EV 72.5 MPH) Lined into DP, U3 (Line Drive, 3, EV 69.4 MPH)
|
| Bottom of the 7th over - 0 runs, 1 hit, 0 errors, 0 left on base; West Virginia 2 - Hartford 1 |
| TOP OF THE 8TH |
|
West Virginia Power batting - Pitching for Hartford Yard Goats : RHP Davon Ware
|
|
Batting: LHB Carlos Vega
|
0-0: Ball 1-0: Called Strike 1-1: Foul Ball, location: 2F 1-2: Foul Ball, location: 2F 1-2: SINGLE (Groundball, P, EV 85.6 MPH) (infield hit)
|
|
Batting: RHB Jaime Dubicki
|
Pickoff Throw to First - Out! 1-3 0-0: Foul Ball, location: 2F 0-1: Ground out 5-3 (Groundball, 5D, EV 103.1 MPH)
|
|
Batting: LHB Josh Aerni
|
0-0: Ball 1-0: Ball 2-0: Ball 3-0: Called Strike 3-1: Base on Balls
|
|
Batting: LHB Donald Imre
|
0-0: Ground out 1-3 (Groundball, P, EV 70.6 MPH)
|
| Top of the 8th over - 0 runs, 1 hit, 0 errors, 1 left on base; West Virginia 2 - Hartford 1 |
| BOTTOM OF THE 8TH |
|
Hartford Yard Goats batting - Pitching for West Virginia Power : RHP Mike Rosen
|
|
Now in RF: Roberto Guzman
|
|
|
Batting: RHB John Boyer
|
0-0: Called Strike 0-1: Swinging Strike 0-2: Ball 1-2: Foul Ball, location: 2F 1-2: SINGLE (Groundball, 56S, EV 77.5 MPH) (infield hit)
|
|
Pinch Hitting: LHB Luke Coulter
|
0-0: Foul Ball, location: 2F 0-1: Foul Ball, location: 2F 0-2: Grounds into double play, 1-6-3 (Groundball, P, EV 66.9 MPH)
|
|
Batting: SHB Jeff Sorrels
|
0-0: Ball 1-0: Called Strike 1-1: Ball 2-1: Foul Ball, location: 2F 2-2: Ball 3-2: Ground out 6-3 (Groundball, 6, EV 104.4 MPH)
|
| Bottom of the 8th over - 0 runs, 1 hit, 0 errors, 0 left on base; West Virginia 2 - Hartford 1 |
| TOP OF THE 9TH |
|
West Virginia Power batting - Pitching for Hartford Yard Goats : RHP Davon Ware
|
|
Now in LF: Tomoya Hashimoto
|
|
|
Batting: RHB Brian Moore
|
0-0: SINGLE (Groundball, 56S, EV 64.4 MPH) (infield hit)
|
|
Batting: LHB Tomohiro Yokoyama
|
0-0: Foul Ball, location: 2F 0-1: Ball 1-1: SINGLE (Line Drive, 8LM, EV 98.1 MPH) Brian Moore to second
|
|
Batting: LHB Randy Boone
|
0-0: Bunt missed! 0-1: Bunted foul 0-2: Ball 1-2: Fielders Choice at 2nd, 4-6 (Groundball, 4D, EV 103.8 MPH) Brian Moore to third
|
|
Batting: RHB Mike Velazquez
|
0-0: Ball Pickoff Throw by Catcher to First - Error! E2 Brian Moore scores Randy Boone to second 1-0: Called Strike Randy Boone steals 3rd base 1-1: Ball 2-1: Reached on error, E6 (Groundball, 6, EV 80.0 MPH) Randy Boone scores
|
|
Batting: LHB Gregg Kellerman
|
0-0: Ball 1-0: Called Strike 1-1: Ground out U3 (Groundball, 3, EV 100.0 MPH) Mike Velazquez to third
|
|
Batting: LHB Carlos Vega
|
0-0: Ball 1-0: Called Strike 1-1: Ball 2-1: Foul Ball, location: 2F 2-2: Foul Ball, location: 2F 2-2: Strikes out looking
|
| Top of the 9th over - 2 runs, 2 hits, 2 errors, 1 left on base; West Virginia 4 - Hartford 1 |
| BOTTOM OF THE 9TH |
|
Hartford Yard Goats batting - Pitching for West Virginia Power : RHP Mike Rosen
|
|
Pitching: RHP Eric Bourque
|
|
|
Batting: LHB Ho-win Zhou
|
0-0: Called Strike 0-1: Ball 1-1: Swinging Strike 1-2: Ball 2-2: Strikes out swinging
|
|
Pinch Hitting: LHB Barnabé Metrass
|
0-0: Ball 1-0: Ball 2-0: Foul Ball, location: 2F 2-1: Ball 3-1: Base on Balls
|
|
Batting: LHB Harry Folsom
|
0-0: SINGLE (Line Drive, 7S, EV 103.1 MPH) Barnabé Metrass to second
|
|
Batting: LHB Mike Clark
|
0-0: Swinging Strike 0-1: Foul Ball, location: 2F 0-2: Foul Ball, location: 2F 0-2: Strikes out looking
|
|
Batting: RHB Zakhar Edelman
|
0-0: Ball 1-0: Ball 2-0: SINGLE (Flyball, 7LS, EV 90.0 MPH) Barnabé Metrass to third Harry Folsom to second
|
|
Batting: RHB Mike McElroy
|
0-0: Called Strike 0-1: Called Strike 0-2: Ball 1-2: Strikes out swinging
|
| Bottom of the 9th over - 0 runs, 2 hits, 0 errors, 3 left on base; West Virginia 4 - Hartford 1 |
|